 Dungeon Crawl Stone Soup version 0.31-a0-145-g046c7d2549 (webtiles) character file.

Game seed: 6940804502430176571

118833 rddays123 the Severer (level 16, -3/143 HPs)
             Began as a Minotaur Fighter on June 5, 2023.
             Was a High Priest of Hepliaklqana.
             Slain by Donald
             ... wielding a +0 broad axe of freezing
              (18 damage)
             ... on level 1 of the Shoals on June 6, 2023.
             The game lasted 01:31:08 (25864 turns).

rddays123 the Severer (Minotaur Fighter)           Turns: 25864, Time: 01:31:08

Health: -3/143     AC: 25    Str: 39    XL:     16   Next: 26%
Magic:  18/22      EV:  9    Int:  5    God:    Hepliaklqana [*****.]
Gold:   612        SH:  0    Dex: 16    Spells: 15/15 levels left

rFire   . . .        u - +0 battleaxe (vamp)
rCold   + . .        (shield currently unavailable)
rNeg    + . .        J - +4 plate armour {rN+}
rPois   .            (helmet restricted)
rElec   .            L - scarf {repulsion}
rCorr   .            l - +1 pair of gloves of Failure {Regen+}
SInv    .            V - +2 pair of boots {Stlth+}
Will    +....        i - amulet of the acrobat Stlth
                     H - +6 ring of strength
HPRegen 1.23/turn    C - ring of Syxuif {rC+ Str+6 Dex+4}
MPRegen 0.18/turn

%: repel missiles, acrobat
@: mighty
A: reduced essence, horns 2, retaliatory headbutt
a: Renounce Religion, Recall Ancestor, Ancestor Identity, Transference, Idealise


You were on level 1 of the Shoals.
You worshipped Hepliaklqana.
Hepliaklqana was extremely pleased with you.
You visited 5 branches of the dungeon, and saw 24 of its levels.
You also visited: Ossuary.

You collected 2479 gold pieces.
You spent 1867 gold pieces at shops.

Inventory:

Hand Weapons
 b - a +0 broad axe of freezing
 o - a +6 hand axe of flaming
 u - a +0 vampiric battleaxe (weapon)
 U - the +1 war axe of Faolegic {flame, Fly rF+ Str-5 Stlth+}
   (You found it on level 12 of the Dungeon)

   Str:       It affects your strength (-5).
   rF:        It protects you from fire.
   Fly:       It grants you flight.
   Stlth:     It makes you more stealthy.
 X - a -1 demon whip of venom
Missiles
 P - a throwing net (quivered)
Armour
 a - a +4 tower shield of positive energy
 l - the +1 pair of gloves of Failure (worn) {Regen+}
   (You acquired it on level 2 of the Lair of Beasts)

   Regen:     It increases your rate of health regeneration.
 A - a +1 plate armour of fire resistance
 J - a +4 plate armour of positive energy (worn)
 L - a scarf of repulsion (worn)
 V - a +2 pair of boots of stealth (worn)
Jewellery
 g - a ring of positive energy
 i - an amulet of the acrobat (around neck)
 k - a +5 ring of evasion
 n - a +4 ring of protection
 r - a +4 ring of protection
 y - a ring of fire
 C - the ring of Syxuif (right hand) {rC+ Str+6 Dex+4}
   (You found it on level 5 of the Lair of Beasts)

   [ring of protection from cold]

   Str:       It affects your strength (+6).
   Dex:       It affects your dexterity (+4).
   rC:        It protects you from cold.
 D - a +5 ring of evasion
 F - a +4 ring of slaying
 H - a +6 ring of strength (left hand)
 I - a ring of fire
 R - a +6 ring of dexterity
 S - a ring of protection from cold
Wands
 c - a wand of digging (9)
 w - a wand of iceblast (21)
 E - a wand of charming (13)
 K - a wand of acid (5)
 M - a wand of polymorph (3)
 Q - a wand of flame (26)
 T - a wand of mindburst (8)
Scrolls
 e - 10 scrolls of teleportation
 f - 3 scrolls of silence
 h - 5 scrolls of magic mapping
 v - 4 scrolls of amnesia
 x - 6 scrolls of butterflies
 z - 3 scrolls of blinking
 G - 3 scrolls of fog
 N - 3 scrolls of fear
 W - 4 scrolls of identify
 Y - a scroll of brand weapon
Potions
 d - 6 potions of might
 j - 2 potions of cancellation
 m - a potion of magic
 p - 2 potions of berserk rage
 q - 7 potions of enlightenment
 s - 6 potions of haste
 t - 20 potions of curing
 B - 9 potions of heal wounds
 O - 4 potions of resistance
 Z - 4 potions of mutation


   Skills:
 + Level 18.5 Fighting
 - Level 20.8 Axes
 - Level 11.8 Armour
 - Level 15.0 Shields
 - Level 10.5 Invocations


You had 15 spell levels left.
You didn't know any spells.
Your spell library contained the following spells:

 Spells                   Type           Power      Damage    Failure   Level
 Freeze                   Ice            0%         1d3       93%         1
 Shock                    Conj/Air       0%         1d3       93%         1
 Slow                     Hex            0%         N/A       93%         1
 Lesser Beckoning         Tloc           0%         N/A       98%         2
 Confusing Touch          Hex            0%         N/A       100%        3
 Frozen Ramparts          Ice            0%         1d1       100%        3
 Gell's Gravitas          Tloc           0%         N/A       100%        3
 Hailstorm                Conj/Ice       0%         3d3       100%        3
 Stone Arrow              Conj/Erth      0%         3d7       100%        3
 Swiftness                Air            0%         N/A       100%        3
 Teleport Other           Tloc           0%         N/A       100%        3
 Vampiric Draining        Necr           0%         2d6       100%        3
 Vhi's Electric Charge    Tloc/Air       0%         N/A       100%        3
 Airstrike                Air            0%         2d(0-16)  100%        4
 Animate Armour           Summ/Erth      0%         N/A       100%        4
 Animate Dead             Necr           0%         N/A       100%        4
 Petrify                  Tmut/Erth      0%         N/A       100%        4
 Summon Lightning Spire   Summ/Air       0%         N/A       100%        4
 Arcjolt                  Conj/Air       0%         1d10      100%        5
 Blade Hands              Tmut           0%         N/A       100%        5
 Borgnjor's Vile Clutch   Necr/Erth      0%         N/A       100%        5
 Metabolic Englaciation   Hex/Ice        0%         N/A       100%        5
 Death Channel            Necr           0%         N/A       100%        6
 Plasma Beam              Fire/Air       0%         2x1d10    100%        6
 Statue Form              Tmut/Erth      0%         N/A       100%        6
 Storm Form               Tmut/Air       0%         N/A       100%        7
 Borgnjor's Revivificati  Necr           0%         N/A       100%        8
 Lehudib's Crystal Spear  Conj/Erth      0%         10d2      100%        8
 Maxwell's Capacitive Co  Air            0%         ∞         100%        8
 Necromutation            Tmut/Necr      0%         N/A       100%        8
 Death's Door             Necr           0%         N/A       100%        9


Dungeon Overview and Level Annotations

Branches:
Dungeon (15/15)            Temple (1/1) D:6            Lair (5/5) D:9
 Shoals (1/4) Lair:2        Snake (0/4) Lair:3        Slime (0/5) Lair:5
    Orc (2/2) D:9             Elf (0/3) Orc:2        Vaults (0/5) D:14
 Depths (0/4) D:15        Ossuary (visited)

Altars:
Ashenzari
Cheibriados
Dithmenos
Elyvilon
Fedhas
Gozag
Hepliaklqana
Kikubaaqudgha
Makhleb
Nemelex Xobeh
Okawaru
Qazlal
Ru
Sif Muna
Trog
Uskayaw
Vehumet
Wu Jian
Xom
Yredelemnul
Zin
The Shining One

Shops:
D:1 =   D:7 *   D:9 *   D:10 (   D:14 [   Orc:2 !!!?

Annotations:
Temple 2 transporters
Lair:2 exclusion: oklob plant
Lair:4 2 transporters, testman's ghost, journeyman MiBe
Shoals:1 Donald


Innate Abilities, Weirdness & Mutations

Your life essence is reduced to manifest your ancestor. (-10% HP)
You have a pair of horns on your head.
You reflexively headbutt those who attack you in melee.


Message History

Donald freezes you.
Donald hits you with a +0 broad axe of freezing!!
Donald freezes you. Donald blocks your attack.
You headbutt Donald, but do no damage.
Donald says, "The air in here stinks.
I hate that."
Donald casts a spell.
Donald seems to grow stronger.
Xochipepe hits Donald with a +0 broad axe of flaming!
Xochipepe burns Donald.
Donald says, "Is it turtles all the way down?"
Donald misses you.
Donald hits Xochipepe with a +0 broad axe of freezing!
Donald freezes Xochipepe.
Donald blocks your attack.
Donald is lightly wounded.
Donald says, "I can never work out what any of these scrolls mean."
Donald hits you with a +0 broad axe of freezing!
Donald freezes you.
Donald barely misses Xochipepe.
You feel very mighty all of a sudden.
Donald blocks Xochipepe's attack.
Donald says, "Where'd the sea come from?
I thought this place was underground."
Donald hits you with a +0 broad axe of freezing!!
Donald freezes you.
Donald barely misses Xochipepe.
Hepliaklqana grants Xochipepe healing and protection!
Xochipepe is fully restored!
Donald hits you with a +0 broad axe of freezing!!
* * * LOW HITPOINT WARNING * * *
Donald freezes you.
* * * LOW HITPOINT WARNING * * *
Donald hits Xochipepe with a +0 broad axe of freezing!
Donald freezes Xochipepe.
Donald blocks Xochipepe's attack.
Donald hits you with a +0 broad axe of freezing!
* * * LOW HITPOINT WARNING * * *
Donald freezes you.
* * * LOW HITPOINT WARNING * * *
Donald closely misses Xochipepe.
As you read the scroll of fear, it crumbles to dust.
You assume a fearsome visage.
Donald resists with some effort.
Donald hits you with a +0 broad axe of freezing!!
You die...

.........~~~~~~~~~~~..).
.....# #.~~~~~~.~~~~~~.~
.....###~~~~~~~~~~~~~~≈~
#.....~~~~~.~~~~~~≈≈~~~
##......~.~~..~~~~~≈≈~.~
##.....)~......~~.~~~...
...........####..$~~...#
......##...# ##.R..~~~..
....#.##...# #..@@..~~..
.................#...~..
###..##...............~~
# #####...........$..~≈~
# ####.......~.P~~~~ #
###.....~P..... #
#.....###.... # ..#####
..P #


You could see the friendly Xochipepe the knight (idealised) and Donald (fast,
strong, ally target, reflecting).

Vanquished Creatures
  Rupert (Lair:4)
  Jorgrun (D:12)
  Gastronok (D:12)
  An azure jelly (Lair:4)
  An orc warlord (Orc:1)
  Snorg (Lair:5)
  An ettin (shapeshifter) (D:15)
  A vault guard (D:14)
  7 hydras
  An ogre mage (D:15)
  14 two-headed ogres
  5 boulder beetles
  3 centaur warriors
  4 tengu warriors
  6 death yaks (Lair:2)
  3 orc high priests (Orc:2)
  Amaemon (D:10)
  A sea snake (Shoals:1)
  A skyshark (Lair:4)
  A glowing orange brain (D:15)
  A deep elf zephyrmancer (D:12)
  2 deep elf pyromancers
  A necromancer (D:14)
  6 orc knights
  4 manticores
  8 ugly things
  7 cyclopes
  6 orc sorcerers (Orc:2)
  A faun (Shoals:1)
  An elephant (shapeshifter) (D:15)
  7 black mambas
  25 elephants (Lair:5)
  3 gargoyles (D:11)
  A torpor snail (Lair:4)
  An orange demon (D:10)
  A kobold demonologist (D:12)
  A rime drake (Lair:5)
  6 cane toads
  2 yaktaurs
  8 komodo dragons
  A tengu conjurer (D:12)
  A meliai (D:12)
  6 polar bears
  8 trolls
  17 blink frogs
  3 hornets
  A snapping turtle (Lair:2)
  4 dream sheep (Lair:5)
  17 slime creatures
  13 spriggans (Lair:5)
  2 shadows
  26 yaks
  A vampire (D:7)
  A wraith (D:12)
  19 humans (D:14)
  3 wyverns
  A human (shapeshifter) (D:12)
  4 basilisks
  A steam dragon (D:4)
  7 vampire mosquitoes
  4 nagas (Lair:3)
  7 wargs
  3 acid dragons
  9 water moccasins
  32 orc warriors
  An ice beast (D:5)
  6 black bears
  22 wolves
  20 ogres
  3 boggarts (Lair:5)
  A phantom (D:5)
  14 centaurs
  6 elf zombies (Ossuary)
  A gnoll sergeant (D:5)
  5 kobold brigands
  19 bullfrogs
  2 scorpions
  8 wights
  3 howler monkeys (D:9)
  4 human zombies (Ossuary)
  11 jellies
  2 centaur zombies (Ossuary)
  4 hounds
  A gnoll bouda (D:8)
  20 orc priests
  An iron imp (D:8)
  A sleepcap (D:5)
  Jessica (D:2)
  8 iguanas
  Ijyb (D:4)
  15 orc wizards
  3 mummies (Ossuary)
  Robin (D:2)
  12 gnolls
  7 adders
  2 white imps (D:5)
  An ufetubus (D:5)
  A worm (D:2)
  3 dart slugs
  85 orcs
  6 endoplasms
  4 giant cockroaches
  8 hobgoblins
  5 jackals
  4 quokkas
  9 ball pythons
  7 bats
  5 frilled lizards
  15 goblins
  25 kobolds
  11 rats
732 creatures vanquished.

Vanquished Creatures (collateral kills)
  An orc warlord (Orc:2)
  A fire dragon (D:15)
  A hydra (Lair:2)
  A vault guard (D:14)
  A catoblepas (Lair:5)
  An orc high priest (Orc:2)
  An orc sorcerer (Orc:2)
  2 cyclopes (D:12)
  A manticore (D:11)
  4 elephants (Lair:5)
  2 cane toads
  Maggie (Lair:2)
  2 rime drakes (Lair:1)
  An efreet (D:15)
  A tengu conjurer (D:12)
  2 komodo dragons
  A troll (D:13)
  2 blink frogs
  2 polar bears (Lair:5)
  A hornet (Lair:5)
  3 slime creatures
  A wyvern (Lair:3)
  A spriggan (Lair:5)
  6 yaks
  A fire bat (shapeshifter) (D:12)
  A human (D:14)
  A vampire mosquito (D:12)
  4 water moccasins
  10 orc warriors
  A wolf (Lair:5)
  A boggart (Lair:5)
  2 centaurs (Lair:5)
  A gnoll sergeant (D:9)
  A wight (D:8)
  2 howler monkeys
  6 orc priests
  2 orc wizards (Orc:2)
  2 gnolls
  13 orcs
  2 kobolds (D:9)
  3 butterflies (Lair:4)
93 creatures vanquished.

Vanquished Creatures (others)
  A wizard (D:14)
  A tengu conjurer (D:13)
  An ancestor (D:9)
  12 knights
  An orc (Orc:2)
16 creatures vanquished.

Grand Total: 841 creatures vanquished

Notes
Turn   | Place    | Note
-------+----------+-------------------------------------------
     0 | D:1      | rddays123 the Minotaur Fighter began the quest for the Orb.
     0 | D:1      | Reached XP level 1. HP: 19/19 MP: 0/0
   157 | D:1      | Reached XP level 2. HP: 27/27 MP: 1/1
   380 | D:1      | Found Qapigem's Jewellery Shoppe.
   472 | D:1      | Reached skill level 3 in Axes
   707 | D:2      | Reached XP level 3. HP: 33/33 MP: 2/2
   857 | D:2      | Noticed Jessica
   872 | D:2      | Killed Jessica
   873 | D:2      | Reached XP level 4. HP: 35/41 MP: 3/3
  1193 | D:2      | Noticed Robin
  1201 | D:2      | Killed Robin
  1486 | D:3      | Reached XP level 5. HP: 47/47 MP: 4/4
  2009 | D:3      | Found a shimmering blue altar of Sif Muna.
  2141 | D:4      | Reached skill level 4 in Axes
  2151 | D:4      | Noticed Ijyb
  2162 | D:4      | Killed Ijyb
  2336 | D:3      | Reached skill level 5 in Axes
  2434 | D:4      | Reached XP level 6. HP: 53/53 MP: 5/5
  2582 | D:3      | Reached skill level 6 in Axes
  2942 | D:4      | Noticed a steam dragon
  2949 | D:4      | Killed a steam dragon
  2950 | D:4      | Reached skill level 7 in Axes
  3185 | D:5      | Entered Level 5 of the Dungeon
  3193 | D:5      | Reached XP level 7. HP: 60/60 MP: 6/6
  3297 | D:5      | Reached skill level 8 in Axes
  3455 | D:5      | Reached skill level 9 in Axes
  3787 | D:5      | Reached skill level 10 in Axes
  3814 | D:4      | Reached XP level 8. HP: 65/67 MP: 7/7
  3969 | D:5      | Reached skill level 11 in Axes
  4129 | D:6      | Reached skill level 12 in Axes
  4471 | D:6      | Found a staircase to the Ecumenical Temple.
  4942 | D:6      | Reached skill level 13 in Axes
  5009 | Temple   | Entered the Ecumenical Temple
  5009 | Temple   | Found a transporter.
  5009 | Temple   | Found a transporter.
  5011 | Temple   | Found a transporter.
  5011 | Temple   | Found a transporter.
  5036 | Temple   | Became a worshipper of Hepliaklqana the Forgotten
  5096 | D:7      | Reached XP level 9. HP: 72/72 MP: 8/8
  5347 | D:7      | Found a sacrificial altar of Ru.
  5459 | D:7      | Found a sand-covered staircase.
  5472 | Ossuary  | Entered an ossuary
  5606 | Ossuary  | Reached skill level 14 in Axes
  5919 | D:6      | Reached skill level 15 in Axes
  6081 | D:7      | Found an ornate altar of the Wu Jian Council.
  6144 | D:7      | Found Cuxynwor's General Store.
  6150 | D:7      | Bought a +0 war axe of electrocution for 171 gold pieces
  6150 | D:7      | Bought a scarf of repulsion for 192 gold pieces
  6356 | D:8      | Reached * piety under Hepliaklqana
  6496 | D:8      | Reached skill level 16 in Axes
  6511 | D:8      | Found a glowing silver altar of Zin.
  6648 | D:8      | Found a snail-covered altar of Cheibriados.
  6729 | D:8      | Found an opulent altar of Gozag.
  6792 | D:8      | Reached XP level 10. HP: 65/72 MP: 9/9
  7191 | D:9      | Found a staircase to the Orcish Mines.
  7430 | D:9      | Reached skill level 17 in Axes
  7593 | D:9      | Noticed a death yak
  7595 | D:9      | Noticed a death yak
  7676 | D:9      | Noticed a death yak
  7676 | D:9      | Noticed a death yak
  7780 | D:9      | Reached ** piety under Hepliaklqana
  7781 | D:9      | Remembered your ancestor Xochipepe as a knight
  7812 | D:9      | Found Antikh's General Store.
  7918 | D:9      | Noticed a two-headed ogre
  7925 | D:9      | Killed a two-headed ogre
  7926 | D:9      | Reached skill level 18 in Axes
  8046 | D:9      | Found a staircase to the Lair.
  8228 | D:10     | Entered Level 10 of the Dungeon
  8291 | D:10     | Found a glowing golden altar of the Shining One.
  8316 | D:10     | Noticed an orange demon
  8317 | D:10     | Noticed Amaemon
  8358 | D:10     | Noticed a two-headed ogre
  8394 | D:10     | Found a stormy altar of Qazlal.
  8432 | D:10     | Reached skill level 5 in Fighting
  8502 | D:9      | Reached skill level 5 in Armour
  8502 | D:9      | Reached skill level 5 in Shields
  8558 | D:7      | Bought a +0 pair of boots of stealth for 184 gold pieces
  8734 | D:10     | Found a shadowy altar of Dithmenos.
  8757 | D:10     | Found Fiugut's Weapon Boutique.
  8898 | D:10     | Killed an orange demon
  8906 | D:10     | Killed Amaemon
  9330 | D:11     | Noticed a gargoyle
  9334 | D:11     | Killed a gargoyle
  9335 | D:11     | Reached XP level 11. HP: 80/80 MP: 10/10
  9537 | D:10     | Killed a two-headed ogre
  9810 | D:11     | Reached *** piety under Hepliaklqana
 10595 | D:12     | Noticed a boulder beetle
 10606 | D:12     | Killed a boulder beetle
 10682 | D:12     | Noticed a green ugly thing
 10695 | D:12     | Killed a green ugly thing
 11230 | D:12     | Noticed a two-headed ogre
 11242 | D:12     | Killed a two-headed ogre
 11305 | D:12     | Reached XP level 12. HP: 66/94 MP: 11/11
 11568 | D:12     | Noticed Jorgrun
 11592 | D:12     | Killed Jorgrun
 11593 | D:12     | Reached skill level 10 in Fighting
 11593 | D:12     | Reached skill level 10 in Armour
 11593 | D:12     | Reached skill level 10 in Shields
 12028 | D:12     | Noticed a tengu warrior
 12028 | D:12     | Noticed a tengu warrior
 12037 | D:12     | Killed a tengu warrior
 12107 | D:12     | Killed a tengu warrior
 12568 | D:12     | Noticed Gastronok
 12606 | D:12     | Killed Gastronok
 12708 | D:12     | Identified the +1 war axe of Faolegic {flame, Fly rF+ Str-5
                  | Stlth+}
 12925 | D:9      | Bought a scroll of brand weapon for 123 gold pieces
 13067 | D:13     | Noticed a seven-headed hydra
 13074 | D:13     | Noticed a six-headed hydra
 13076 | D:13     | Killed a three-headed hydra
 13083 | D:13     | Killed a two-headed hydra
 13141 | D:13     | Reached **** piety under Hepliaklqana
 13174 | D:13     | Reached XP level 13. HP: 93/105 MP: 12/12
 13298 | D:13     | Reached skill level 1 in Invocations
 14011 | D:14     | You fall into a shaft and drop 1 floor!
 14011 | D:15     | Entered Level 15 of the Dungeon
 14318 | D:14     | Found Ruydun's Antique Armour Emporium.
 14509 | D:14     | Reached skill level 5 in Invocations
 14784 | D:14     | Found a gate to the Vaults.
 15211 | D:14     | Identified the +2 leather armour of Absolutism {Harm
                  | Rampage rPois Stlth-}
 15947 | D:15     | Noticed a fire dragon
 15954 | D:15     | Killed a fire dragon
 16042 | D:15     | Reached ***** piety under Hepliaklqana
 16194 | D:15     | Reached XP level 14. HP: 85/118 MP: 18/18
 16656 | D:15     | Found a stormy altar of Qazlal.
 16771 | D:15     | Found a staircase to the Depths.
 17299 | Lair:1   | Entered Level 1 of the Lair of Beasts
 18140 | Lair:2   | Identified a scroll of acquirement
 18158 | Lair:2   | Noticed Maggie
 18164 | Lair:2   | Killed Maggie
 18331 | Lair:2   | Acquired the +1 pair of gloves of Failure {Regen+}
 18495 | Lair:2   | Reached skill level 10 in Invocations
 18784 | Lair:2   | Found a staircase to the Shoals.
 19301 | Lair:3   | You fall into a shaft and drop 1 floor!
 19301 | Lair:4   | Noticed testman's ghost (journeyman MiBe)
 19354 | Lair:4   | Noticed Rupert
 19357 | Lair:4   | Paralysed by Rupert for 4 turns
 19368 | Lair:4   | Killed Rupert
 19416 | Lair:4   | Reached skill level 15 in Shields
 19478 | Lair:4   | Identified the +0 leather armour of Mitwut {rC+ Dex+2}
 19611 | Lair:4   | Found a transporter.
 19615 | Lair:4   | Found a transporter.
 19785 | Lair:4   | Reached ****** piety under Hepliaklqana
 20007 | Lair:4   | Noticed an azure jelly
 20012 | Lair:4   | HP: 2/118 [azure jelly (16)]
 20234 | Lair:3   | Found a staircase to the Snake Pit.
 21409 | Lair:4   | Killed an azure jelly
 21519 | Lair:5   | Entered Level 5 of the Lair of Beasts
 21570 | Lair:5   | Reached XP level 15. HP: 124/124 MP: 21/21
 21598 | Lair:5   | Reached skill level 19 in Axes
 21739 | Lair:5   | Identified the ring of Syxuif {rC+ Str+6 Dex+4}
 21784 | Lair:5   | Reached skill level 20 in Axes
 22145 | Lair:5   | Noticed Snorg
 22158 | Lair:5   | Killed Snorg
 22269 | Lair:5   | Found a runed translucent door.
 22270 | Lair:5   | Found a staircase to the Slime Pits.
 22310 | Lair:5   | Reached skill level 15 in Fighting
 22572 | Lair:5   | Found a snail-covered altar of Cheibriados.
 23070 | Orc:1    | Entered Level 1 of the Orcish Mines
 23405 | Orc:2    | Entered Level 2 of the Orcish Mines
 23633 | Orc:2    | Found Wodoimiz's Magic Scroll Boutique.
 23763 | Orc:2    | Found Kaurowi's Distillery.
 23772 | Orc:2    | Reached XP level 16. HP: 133/139 MP: 22/22
 23775 | Orc:2    | Bought a potion of curing for 36 gold pieces
 23775 | Orc:2    | Bought a potion of enlightenment for 60 gold pieces
 23775 | Orc:2    | Bought a potion of might for 48 gold pieces
 23775 | Orc:2    | Bought a potion of curing for 36 gold pieces
 24227 | Orc:2    | Found a staircase to the Elven Halls.
 24682 | Orc:2    | Found Piricit's Distillery.
 24752 | Orc:2    | Found Epnios's Distillery.
 24938 | Orc:2    | Bought a potion of heal wounds for 65 gold pieces
 24938 | Orc:2    | Bought a potion of curing for 39 gold pieces
 24938 | Orc:2    | Bought a potion of enlightenment for 65 gold pieces
 24938 | Orc:2    | Bought a potion of heal wounds for 65 gold pieces
 24938 | Orc:2    | Bought a potion of curing for 39 gold pieces
 24972 | Orc:2    | Bought a potion of curing for 39 gold pieces
 24972 | Orc:2    | Bought a potion of haste for 130 gold pieces
 24972 | Orc:2    | Bought a potion of heal wounds for 65 gold pieces
 24972 | Orc:2    | Bought a potion of resistance for 130 gold pieces
 24972 | Orc:2    | Bought a potion of enlightenment for 65 gold pieces
 24972 | Orc:2    | Bought 2 potions of heal wounds for 130 gold pieces
 24972 | Orc:2    | Bought a potion of enlightenment for 65 gold pieces
 25031 | Orc:2    | Bought a potion of haste for 120 gold pieces
 25805 | Shoals:1 | Entered Level 1 of the Shoals
 25855 | Shoals:1 | Noticed Donald
 25864 | Shoals:1 | Slain by Donald

Illustrated notes

Levels and vault maps discovered:
D:1:      erik_arrival_cave_to_civilisation [erik_arrival_cave_to_hall],
          layout_basic, serial_shops, shop
D:2:      layout_rooms, uniq_jessica, uniq_robin
D:3:      layout_loops_cross, nicolae_sif_muna_little_library
D:4:      layout_rooms, st_stairs_10, uniq_ijyb
D:5:      minmay_clustersquares, layout_cave_pools
D:6:      layout_basic, minmay_temple_entry_junction, nicolae_fountain_basement
D:7:      layout_loops_ring, nicolae_ru_great_annihilating_truth,
          nzn_wu_jian_council_hall, serial_shops,
          nicolae_shop_pleasant_corner_grove, chequers_ossuary_entry_cave,
          minmay_microvault
D:8:      layout_rooms, grunt_gozag_statues, chei_slow_surprise, zin_scriptorium
D:9:      layout_loops_ring, dpeg_lair_monsters, david_orc_1_choice,
          serial_shops, nicolae_shop_crystal, hangedman_decor_opposing,
          nicolae_elevator_lobby_asterisk
D:10:     layout_gridville, tso_metal_star, lemuel_tele_altar,
          amcnicky_altar_gilded, serial_shops, shop, uniq_amaemon
D:11:     layout_basic
D:12:     minmay_the_grid_triangle_9x9_recursive_3_mashed
          [minmay_the_grid_triangle_9x9_longest,
          minmay_the_grid_triangle_9x9_semitri,
          minmay_the_grid_triangle_9x9_zippers_vertical,
          minmay_the_grid_triangle_9x9_prize_schism,
          minmay_the_grid_triangle_9x9_swiss_cheese,
          minmay_the_grid_triangle_9x9_descending_squares,
          minmay_the_grid_triangle_9x9_alien,
          minmay_the_grid_triangle_9x9_shrine,
          minmay_the_grid_triangle_9x9_flanged_cone], layout_rooms,
          uniq_jorgrun, uniq_gastronok
D:13:     layout_cave_pools
D:14:     layout_cave_pools, grunt_vaults_entry_tiered, minivault_25,
          serial_shops, shop, minmay_stone_trees_small
D:15:     gammafunk_enter_depths_forms, layout_layer_cave,
          nicolae_qazlal_style_of_elements
Temple:   hellmonk_temple_divided_pantheon
Lair:1:   layout_regular_city
Lair:2:   minmay_lair_oklob_tunnel, layout_small_grid, minmay_shoals_entry_hut,
          serial_bayou_crossing, serial_bayou_shore_b,
          infiniplex_staircase_pool_2, uniq_maggie
Lair:3:   layout_layer_cave, guppyfry_snake_entry_island,
          infiniplex_staircase_pool, lemuel_fruit_tree
Lair:4:   layout_long_grid, gammafunk_ghost_arena, nicolae_lair_time_for_slime,
          lemuel_fruit_fields, uniq_rupert
Lair:5:   minmay_lair_end_enchanted_forest, layout_gridlike, slime_entry_2,
          lemuel_centaur_altar, uniq_snorg
Shoals:1: layout_shoals, serial_shops, nicolae_shop_pleasant_corner_grove,
          uniq_donald
Orc:1:    layout_caves
Orc:2:    pubby_orc_utopia

Skill      XL: |  1  2  3  4  5  6  7  8  9 10 11 12 13 14 15 16 |
---------------+-------------------------------------------------+-----
Fighting       | 4 6 9 11 14 17 18 | 18.5
Shields        | 4 6 9 11 12 15 | 15.0
Armour         | 4 6 9 11 | 11.8
Axes           | 3 5 7 10 13 16 18 20 | 20.8
Invocations    | 7 10 | 10.5

Action                     |  1- 3 |  4- 6 |  7- 9 | 10-12 | 13-15 | 16-18 || total
---------------------------+-------+-------+-------+-------+-------+-------++-------
  Melee: War axe           |    64 |   147 |   338 |   370 |       |       ||   919
         Headbutt          |     7 |    15 |    49 |    89 |   242 |    43 ||   445
         Broad axe         |       |       |       |    12 |   453 |       ||   465
         Hand axe          |       |       |       |     9 |    25 |       ||    34
         Unarmed           |       |       |       |       |     4 |       ||     4
         Battleaxe         |       |       |       |       |   475 |   181 ||   656
 Invoke: Ancestor Identity |       |       |       |     2 |       |       ||     2
         Recall Ancestor   |       |       |       |     1 |     3 |       ||     4
         Ancestor Life: Kn |       |       |       |     1 |       |       ||     1
         Idealise          |       |       |       |       |     5 |     1 ||     6
    Use: Scroll            |       |     4 |     9 |    11 |    12 |     1 ||    37
         Potion            |       |       |       |       |     2 |     1 ||     3
   Stab: Paralysed         |       |       |     1 |       |       |       ||     1
         Distracted        |       |       |       |     4 |     9 |       ||    13
 Armour: Scale mail        |    42 |    57 |       |       |       |       ||    99
         Plate armour      |       |       |   148 |   126 |   386 |    30 ||   690
  Dodge: Dodged            |    28 |    88 |   111 |   209 |   594 |    77 ||  1107
         Repelled          |       |       |       |     3 |     4 |     1 ||     8
  Block: Buckler           |    18 |    43 |    62 |   101 |    43 |       ||   267
         Tower shield      |       |       |       |       |   185 |       ||   185

Table legend: (Time is in decaauts)
 A = Elapsed time spent in this place.
 B = Non-inter-level travel time spent in this place.
 C = Inter-level travel time spent in this place.
 D = Time resting spent in this place.
 E = Time spent auto-exploring this place.
 F = Levels seen in this place.
 G = Mean time per level.
                   A        B        C        D        E       F      G
               +--------+--------+--------+--------+--------+-----+--------+
         Total |  25565 |  23437 |   2128 |   4770 |  12591 |  25 | 1022.6 |
       Dungeon |  17395 |  15839 |   1556 |   4153 |   7669 |  15 | 1159.7 |
        Temple |     52 |     52 |      0 |      0 |      0 |   1 |   52.0 |
          Lair |   5640 |   5378 |    262 |    460 |   3709 |   5 | 1128.0 |
        Shoals |     56 |     56 |      0 |      7 |     28 |   1 |   56.0 |
  Orcish Mines |   2188 |   1880 |    308 |    125 |   1166 |   2 | 1094.0 |
       Ossuary |    232 |    232 |      0 |     25 |     18 |   1 |  232.0 |
               +--------+--------+--------+--------+--------+-----+--------+

Top non-repeatable levels by time:
    D:12: 2080 daAuts
   Orc:2: 1809 daAuts
     D:9: 1684 daAuts
    D:15: 1652 daAuts
    D:14: 1502 daAuts
  Lair:3: 1420 daAuts
    D:11: 1394 daAuts
  Lair:5: 1332 daAuts
    D:10: 1208 daAuts
     D:3: 1196 daAuts
  Lair:4: 1125 daAuts
     D:7: 1049 daAuts
    D:13: 1001 daAuts
     D:6: 946 daAuts
  Lair:2: 931 daAuts
